 Dungeon Sprint DCSS version 0.24-a0-778-g74da537585 (webtiles) character file.

Game seed: 8180907457877326050, levelgen mode: deterministic

139 Conn the Arsonist (level 5, -3/28 HPs)
             Began as a Deep Elf Fire Elementalist on Oct 6, 2019.
             Was an Initiate of Sif Muna.
             Killed by miscasting Fireball (22 damage)
             ... in the Dungeon (Sprint IV: "Fedhas' Mad Dash").
             The game lasted 00:03:58 (576 turns).

Conn the Arsonist (Deep Elf Fire Elementalist)       Turns: 576, Time: 00:03:59

Health: -3/28      AC:  2    Str:  5    XL:     5   Next: 1%
Magic:  11/16      EV: 13    Int: 21    God:    Sif Muna [......]
Gold:   74         SH:  0    Dex: 15    Spells: 1/17 levels left

rFire    . . .     SeeInvis .   (no weapon)
rCold    . . .     Gourm    .   (no shield)
rNeg     . . .     Faith    .   b - +0 robe {MR+}
rPois    .         Spirit   .   (no helmet)
rElec    .         Reflect  .   (no cloak)
rCorr    .         Harm     .   (no gloves)
MR       +....     NoTele   +   (no boots)
Stlth    +++.......             j - amulet of invisibility {+Inv}
HPRegen  0.09/turn              h - -2 ring of evasion (curse)
MPRegen  0.15/turn              (no ring)

@: very slightly contaminated
A: no striking features
a: Renounce Religion, Evoke Invisibility


You were in the Dungeon.
You worshipped Sif Muna.
Sif Muna was noncommittal.
You were not hungry.

You visited 1 branch You collected 74 gold pieces.

Inventory:

Armour
 a - a +0 robe
 b - a +0 robe of magic resistance (worn)
Jewellery
 h - a cursed -2 ring of evasion (left hand)
 j - the amulet of invisibility (around neck) {+Inv}
   (You found it in the Dungeon)

   [amulet of nothing]

   It lets you turn invisible.
Scrolls
 i - a scroll of blinking
Potions
 d - a potion of curing
 e - a potion of heal wounds
 f - a potion of haste
 g - 2 potions of magic
Comestibles
 c - a ration


   Skills:
 + Level 4.6 Dodging
 + Level 4.5 Stealth
 + Level 6.7 Spellcasting
 + Level 2.2 Conjurations
 + Level 8.5 Fire Magic
 + Level 1.2 Evocations


You had one spell level left.
You knew the following spells:

 Your Spells              Type           Power        Failure   Level  Hunger
a - Flame Tongue          Conj/Fire      ####.        1%          1    None
b - Conjure Flame         Conj/Fire      ####....     3%          3    #......
c - Inner Flame           Hex/Fire       ####....     4%          3    #......
d - Sticky Flame          Conj/Fire      ####....     10%         4    ###....
e - Fireball              Conj/Fire      ####......   26%         5    #####..

Your spell library contained the following spells:

 Spells                   Type           Power        Failure   Level  Hunger
 Throw Flame              Conj/Fire      ####..       1%          2    None


Dungeon Overview and Level Annotations

Branches:
Dungeon (1/1)

Altars:
Cheibriados
Dithmenos
Elyvilon
Gozag
Hepliaklqana
Kikubaaqudgha
Makhleb
Nemelex Xobeh
Okawaru
Qazlal
Ru
Sif Muna
Trog
Uskayaw
Vehumet
Wu Jian
Xom
Yredelemnul
Zin
The Shining One
Beogh
Jiyva
Lugonu

Annotations:
D exclusion: oklob sapling


Message History

You finish memorising.
Spell assigned to 'e'.
There is an open door here.
There is an open door here.
There is an opulent altar of Gozag here.
There is a hazy altar of Hepliaklqana here.
There is a viscous altar of Jiyva here.
There is an ancient bone altar of Kikubaaqudgha here.
There is a corrupted altar of Lugonu here.
You open the door.
An oklob sapling wizard comes into view.
Marking area around an oklob sapling as unsafe for travelling.
Found a scroll labeled QIFEACS YJEXUO and 18 gold pieces.
Casting: Flame Tongue (safe; 1% risk of failure)
Confirm with . or Enter, or press ? or * to list all spells.
Aiming: Fireball (quite dangerous; 26% risk of failure)
Press: ? - help, Shift-Dir - straight line, f - oklob sapling wizard
Aim: an oklob sapling wizard (resting)
You miscast Fireball.
You are blasted with fire.
Ouch! That really hurt!
You die...

################## ##
...#.⌠._._._._.⌠.#.?+
)..'.._._._._._.@'.P#
...#..._._._._...#..#
#'##.._._._._._..# $#
...#._._._._._.⌠.# #
...###############
####


You could see an oklob sapling wizard (dormant).

Vanquished Creatures
  3 oklob saplings (D)
  A worker ant (D)
  A river rat (D)
  A rat (D)
6 creatures vanquished.

Notes
Turn   | Place    | Note
-------+----------+-------------------------------------------
     0 | D        | Conn the Deep Elf Fire Elementalist began the quest for the
                  | Orb.
     0 | D        | Reached XP level 1. HP: 10/10 MP: 6/6
     9 | D        | Reached skill level 4 in Fire Magic
     9 | D        | Reached XP level 2. HP: 12/15 MP: 2/8
    62 | D        | Noticed an oklob sapling
   346 | D        | Killed an oklob sapling
   346 | D        | Reached skill level 6 in Fire Magic
   346 | D        | Reached XP level 3. HP: 19/19 MP: 9/11
   349 | D        | Found the amulet of invisibility {+Inv}
   352 | D        | Reached skill level 5 in Spellcasting
   386 | D        | Found an opulent altar of Gozag.
   386 | D        | Found a hazy altar of Hepliaklqana.
   386 | D        | Found a burning altar of Makhleb.
   386 | D        | Found a roughly hewn altar of Beogh.
   386 | D        | Found a sparkling altar of Nemelex Xobeh.
   386 | D        | Found a snail-covered altar of Cheibriados.
   386 | D        | Found a sacrificial altar of Ru.
   386 | D        | Found a shimmering blue altar of Sif Muna.
   386 | D        | Found a shimmering altar of Xom.
   386 | D        | Found a basalt altar of Yredelemnul.
   388 | D        | Found a viscous altar of Jiyva.
   388 | D        | Found a bloodstained altar of Trog.
   388 | D        | Found an ornate altar of the Wu Jian Council.
   388 | D        | Noticed an oklob sapling priest
   389 | D        | Found an iron altar of Okawaru.
   389 | D        | Found a glowing silver altar of Zin.
   389 | D        | Found a shadowy altar of Dithmenos.
   390 | D        | Found a hide-covered altar of Uskayaw.
   390 | D        | Found an ancient bone altar of Kikubaaqudgha.
   402 | D        | Found a stormy altar of Qazlal.
   402 | D        | Found a glowing golden altar of the Shining One.
   402 | D        | Found a white marble altar of Elyvilon.
   410 | D        | Found a radiant altar of Vehumet.
   410 | D        | Found a corrupted altar of Lugonu.
   412 | D        | Became a worshipper of Sif Muna the Loreminder
   413 | D        | Killed an oklob sapling priest
   413 | D        | Reached skill level 8 in Fire Magic
   413 | D        | Reached XP level 4. HP: 24/24 MP: 2/14
   428 | D        | Learned a level 3 spell: Conjure Flame
   432 | D        | Learned a level 3 spell: Inner Flame
   437 | D        | Learned a level 4 spell: Sticky Flame
   544 | D        | Reached skill level 1 in Evocations
   544 | D        | Reached XP level 5. HP: 16/28 MP: 11/16
   558 | D        | Learned a level 5 spell: Fireball
   576 | D        | Killed by miscasting Fireball

Levels and vault maps discovered:
D:        dungeon_sprint_fedhas [sprint_temple]

Skill      XL: |  1  2  3  4 |
---------------+-------------+-----
Fire Magic     | 4 6 8 |  8.5
Dodging        | 3 4 |  4.6
Stealth        | 3 4 |  4.5
Spellcasting   | 4 6 |  6.7
Conjurations   | 2 |  2.2
Evocations     | 1 |  1.2

Action                   |  1- 3 |  4- 6 || total
-------------------------+-------+-------++-------
Melee: Unarmed           |     7 |       ||     7
 Cast: Flame Tongue      |    10 |     3 ||    13
 Abil: Evoke Invisibilit |     1 |     1 ||     2
  Use: Potion            |     1 |       ||     1
Dodge: Dodged            |     1 |       ||     1

Table legend:
 A = Non-vault XP
 B = Vault XP
 C = Vault XP percentage of total XP
 D = Non-vault monster count
 E = Vault monster count
 F = Vault count percentage of total count
                 A         B        C        D         E       F
            +---------+---------+-------+---------+---------+-------
      Total |       0 |     199 | 100.0 |       0 |       6 | 100.0
            +---------+---------+-------+---------+---------+-------
          D |       0 |     199 | 100.0 |       0 |       6 | 100.0
            +---------+---------+-------+---------+---------+-------
